 Dungeon Crawl Stone Soup version 0.31-a0-536-ga3e2962e35 (webtiles) character file.

Game seed: 5800828571934586531

2701 Ethylacetat the Sneak (level 9, 0/62 HPs)
             Began as an Octopode Gladiator on Aug 12, 2023.
             Was an Initiate of Gozag.
             Slain by a gnoll sergeant
             ... wielding a +0 spear
              (7 damage)
             ... on level 7 of the Dungeon on Aug 13, 2023.
             The game lasted 00:13:24 (6762 turns).

Ethylacetat the Sneak (Octopode Gladiator)          Turns: 6762, Time: 00:13:24

Health: 0/62       AC:  1    Str: 14    XL:     9   Next: 65%
Magic:  0/16       EV: 18    Int: 12    God:    Gozag
Gold:   661        SH:  0    Dex: 23    Spells: 17/17 levels left

rFire   . . .        u - +6 trident "Vykhia" {drain, Int+2}
rCold   . . .        (no shield)
rNeg    . . .        b - +0 hat
rPois   .            m - amulet of guardian spirit
rElec   .            o - +6 ring of dexterity
rCorr   .            (no ring)
SInv    .            (no ring)
Will    .....        (no ring)
Stlth   +++++        (no ring)
HPRegen 0.30/turn    (no ring)
MPRegen 0.15/turn    (no ring)
                     (no ring)

%: guardian spirit
@: lethally poisoned (0 -> -28), attractive
A: almost no armour, amphibious, 8 rings, camouflage 1, gelatinous body 1,
(nimble swimmer 1), tentacles
a: Renounce Religion, Potion Petition, Call Merchant, Bribe Branch


You were on level 7 of the Dungeon.
You worshipped Gozag.
Gozag was pleased with you.
You visited 2 branches of the dungeon, and saw 8 of its levels.

You collected 692 gold pieces.
You paid 31 gold pieces to Gozag.

Inventory:

Hand Weapons
 p - a +2 dagger of venom
 u - the +6 trident "Vykhia" (weapon) {drain, Int+2}
   (You found it on level 4 of the Dungeon)

   Int+2:     It affects your intelligence (+2).
Missiles
 c - 3 throwing nets (quivered)
 d - 3 javelins
Armour
 b - a +0 hat (worn)
Jewellery
 m - an amulet of guardian spirit (around mantle)
 o - a +6 ring of dexterity (left tentacle)
Wands
 a - a wand of polymorph (7)
 t - a wand of iceblast (2)
Scrolls
 e - a scroll of poison {unknown}
 h - a scroll of amnesia {unknown}
 j - 4 scrolls of teleportation {unknown}
 n - a scroll of noise {unknown}
 q - a scroll of brand weapon {unknown}
 v - 3 scrolls of immolation {unknown}
 w - 5 scrolls of identify {unknown}
 x - a scroll of blinking {unknown}
 y - a scroll of enchant weapon {unknown}
 z - a scroll of enchant armour {unknown}
 B - a scroll of fog {unknown}
Potions
 f - a potion of enlightenment
 g - a potion of magic
 i - a potion of attraction
 k - 2 potions of curing
 A - a potion of brilliance


   Skills:
 + Level 5.9 Fighting
 - Level 4.1 Long Blades
 + Level 4.4 Polearms
 - Level 2.0 Throwing
 + Level 6.3 Dodging
 + Level 7.8 Stealth
 + Level 4.6 Spellcasting
 * Level 2.5 Shapeshifting


You had 17 spell levels left.
You didn't know any spells.
Your spell library contained the following spells:

 Spells                   Type           Power      Damage    Failure   Level
 Foxfire                  Conj/Fire      8%         2x1d4     21%         1
 Summon Guardian Golem    Hex/Summ       2%         N/A       52%         3
 Plasma Beam              Fire/Air       1%         2x1d11    100%        6
 Starburst                Conj/Fire      1%         6d3       100%        6
 Monstrous Menagerie      Summ           1%         N/A       100%        7
 Animate Armour           Summ/Erth      Unusable   N/A       N/A         4

Dungeon Overview and Level Annotations

Branches:
Dungeon (7/15)             Temple (1/1) D:4

Altars:
Ashenzari
Cheibriados
Dithmenos
Fedhas
Gozag
Hepliaklqana
Kikubaaqudgha
Makhleb
Nemelex Xobeh
Qazlal
Ru
Trog
Uskayaw
Vehumet
Wu Jian
Xom
Yredelemnul
Zin
The Shining One

Annotations:
D:6 exclusion: oklob plant
D:7 1 transporter, Grum; namnaref's ghost, novice OpEE


Innate Abilities, Weirdness & Mutations

You cannot wear most types of armour.
You are amphibious.
You can wear up to eight rings at the same time.
Your skin changes colour to match your surroundings (Stealth+).
Your rubbery body absorbs attacks. (AC +1, EV +1)
((You are camouflaged when in or above water. (Stealth+)))
You have tentacles for arms and can constrict up to eight enemies at once.


Message History

You feel very sick. The wolf bites you but does no damage. The wolf bites you.
* * * LOW HITPOINT WARNING * * *
The wolf bites you but does no damage. The gnoll hits you but does no damage.
Grum hits you from afar with a -2 halberd of venom.
* * * LOW HITPOINT WARNING * * *
The gnoll hits you but does no damage.
The gnoll sergeant hits you but does no damage.
The wolf bites you but does no damage. The wolf barely misses you.
The gnoll hits you but does no damage.
It was a potion of ambrosia.
You are confused.
You feel invigorated.
You feel very sick.
The wolf bites you but does no damage. x3
The gnoll hits you from afar with a +0 spear.
* * * LOW HITPOINT WARNING * * *
Grum hits you from afar with a -2 halberd of venom.
* * * LOW HITPOINT WARNING * * *
The wolf bites you but does no damage. The gnoll hits you but does no damage.
The gnoll sergeant hits you with a +0 spear!
* * * LOW HITPOINT WARNING * * *
The wolf bites you but does no damage. The gnoll hits you but does no damage.
The wolf bites you but does no damage.
It was a potion of cancellation.
Your magical effects are unravelling.
You feel magically purged.
You feel less wooden.
Your +0 hat unmelds from your body.
You feel less invigorated.
You feel less confused.
You feel a little less clever now.
You feel sick. The wolf closely misses you. The wolf barely misses you.
The wolf misses you. The gnoll closely misses you.
Grum lets out an intimidating howl.
Grum misses you.
The gnoll hits you from afar with a +1 halberd of venom!
* * * LOW HITPOINT WARNING * * *
You are more poisoned.
The gnoll sergeant hits you with a +0 spear!
You die...
Your body crumbles into a pile of gold.

#.≈≈#8g###h###.8#≈≈.# #.##
#.≈≈#..........g#≈≈.# #...
#.≈≈###.##'##.###≈≈.# ###.
#.≈≈..#.#...#.#..≈≈.#######
#.≈≈.##.#⌠.⌠#.##.≈≈.##.....
#.≈≈.#h.#...#..#.≈≈..#.##..
#.≈≈.##.##g##.##.≈≈.......#
#.≈≈..#g#.hh#W#.....#######
#.~~.©#ggh@ggg#©....##...##
#.≈≈..#.#8g8#.#.....##...##
#.≈≈.##.#####.##.≈≈.##...##
#.≈≈.#©.#g:?#..#.≈≈......##
#.≈≈.##.#$.?#.##.≈≈.#....##
#.≈≈..#.#$$$#.#..≈≈.##....#
#.≈≈###.##'##.###≈≈..#.%...
#.≈≈#........$..#≈≈......##
#.≈≈#8.###W###.8#≈≈..######


You could see Grum (drained), a gnoll sergeant (swift), 3 wolves, a gnoll bouda,
namnaref's ghost and 5 gnolls.

Vanquished Creatures
  Prince Ribbit (D:6)
  2 steam dragons
  A water moccasin (D:6)
  2 ice beasts (D:7)
  2 black bears
  An ogre (D:4)
  2 phantoms (D:5)
  A kobold brigand (D:7)
  A gnoll sergeant (D:7)
  2 bullfrogs (D:7)
  2 scorpions
  3 wights (D:7)
  A howler monkey (D:4)
  9 jellies
  4 orc priests (D:5)
  6 hounds
  3 iguanas
  2 sleepcaps
  10 adders
  7 gnolls
  2 shadow imps
  A white imp (D:5)
  5 ufetubi
  4 worms
  3 dart slugs
  11 orcs
  6 bats
  18 endoplasms
  3 giant cockroaches
  8 goblins
  7 hobgoblins
  13 jackals
  4 quokkas
  5 ball pythons
  6 frilled lizards
  15 kobolds
  8 rats
181 creatures vanquished.

Vanquished Creatures (others)
  A gnoll (D:7)
1 creature vanquished.

Grand Total: 182 creatures vanquished

Notes
Turn   | Place    | Note
-------+----------+-------------------------------------------
     0 | D:1      | Ethylacetat the Octopode Gladiator began the quest for the
                  | Orb.
     0 | D:1      | Reached XP level 1. HP: 14/14 MP: 1/1
     2 | D:1      | Got Lamoisk's Exposition on Assembling
   154 | D:1      | Reached skill level 1 in Stealth
   154 | D:1      | Reached XP level 2. HP: 19/19 MP: 2/2
   583 | D:1      | Reached XP level 3. HP: 22/25 MP: 3/3
  1259 | D:2      | Reached skill level 2 in Stealth
  1451 | D:2      | Noticed a floating eye
  1452 | D:2      | Found a faded altar of an unknown god.
  1453 | D:2      | Noticed a floating eye
  1453 | D:2      | Noticed a shining eye
  1453 | D:2      | Noticed a floating eye
  1457 | D:2      | Reached XP level 4. HP: 28/30 MP: 2/4
  2123 | D:3      | Reached skill level 1 in Spellcasting
  2202 | D:3      | Reached XP level 5. HP: 36/36 MP: 6/6
  2230 | D:3      | Reached skill level 3 in Stealth
  2532 | D:4      | Reached XP level 6. HP: 19/42 MP: 5/8
  2739 | D:4      | Reached skill level 4 in Stealth
  2739 | D:4      | Identified the +6 trident "Vykhia" {drain, Int+2}
  2984 | D:4      | Found a staircase to the Ecumenical Temple.
  3015 | Temple   | Entered the Ecumenical Temple
  3171 | D:4      | Found a hazy altar of Hepliaklqana.
  3294 | D:4      | Reached XP level 7. HP: 47/47 MP: 10/10
  3335 | D:4      | Found an opulent altar of Gozag.
  3343 | D:4      | Became a worshipper of Gozag Ym Sagoz the Greedy
  3348 | D:4      | Reached skill level 1 in Polearms
  3403 | D:5      | Entered Level 5 of the Dungeon
  3453 | D:5      | Reached skill level 5 in Stealth
  3556 | D:5      | Found a stormy altar of Qazlal.
  4080 | D:5      | Reached XP level 8. HP: 46/54 MP: 10/12
  4268 | D:5      | Reached skill level 5 in Dodging
  4573 | D:5      | Found a snail-covered altar of Cheibriados.
  4573 | D:5      | Found a shadowy altar of Dithmenos.
  4941 | D:6      | Reached skill level 6 in Stealth
  4977 | D:6      | Noticed Prince Ribbit
  4985 | D:6      | Killed Prince Ribbit
  5017 | D:6      | Found a glowing golden altar of the Shining One.
  5021 | D:6      | Found an ornate altar of the Wu Jian Council.
  5043 | D:6      | Reached skill level 5 in Fighting
  5229 | D:6      | Noticed an oklob plant
  5305 | D:6      | Reached skill level 7 in Stealth
  5305 | D:6      | Reached XP level 9. HP: 59/61 MP: 15/15
  5768 | D:7      | Reached skill level 1 in Shapeshifting
  6541 | D:7      | Identified the +1 kite shield "Siqask" {Slay+3}
  6542 | D:7      | Found a transporter.
  6545 | D:7      | Noticed namnaref's ghost (novice OpEE)
  6624 | D:7      | Noticed Grum
  6626 | D:7      | Found a transporter.
  6762 | D:7      | Slain by a gnoll sergeant

Illustrated notes

Levels and vault maps discovered:
D:1:      psy_arrival_radial01, layout_loops_corners
D:2:      layout_basic, hellmonk_ecumenical_altar_watching_god,
          amcnicky_mini_corridor_feature
D:3:      layout_loops_ring, st_stairs_8, minivault_25
D:4:      layout_basic, kennysheep_mini, mainiacjoe_overflow_surrounded_room,
          minmay_temple_entry_sparse_star
D:5:      layout_layer_cave, nicolae_overflow_hidden_temple
D:6:      lemuel_slime, layout_loops_ring,
          mainiacjoe_overflow_concentric_impassable,
          mainiacjoe_overflow_alcove_2, uniq_prince_ribbit1
D:7:      layout_rooms, gammafunk_ghost_gnarly_gnolls
Temple:   minmay_temple_bridge_abc

Skill      XL: |  1  2  3  4  5  6  7  8  9 |
---------------+----------------------------+-----
Stealth        | 1 2 3 4 5 7 |  7.8
Spellcasting   | 1 2 3 4 |  4.6
Fighting       | 3 4 5 |  5.9
Dodging        | 4 5 6 |  6.3
Long Blades    | 4 |  4.1
Polearms       | 2 3 4 |  4.4
Shapeshifting  | 2 |  2.5
Throwing       | |  2.0

Action                     |  1- 3 |  4- 6 |  7- 9 || total
---------------------------+-------+-------+-------++-------
  Melee: Long sword        |    55 |       |       ||    55
         Constrict         |    19 |    22 |    24 ||    65
         Tentacles         |    13 |    15 |    26 ||    54
         Dagger            |    27 |    79 |       ||   106
         Punch             |       |     2 |     4 ||     6
         Trident           |       |    30 |   180 ||   210
  Evoke: Wand              |       |       |     5 ||     5
    Use: Potion            |       |       |     8 ||     8
   Stab: Sleeping          |     8 |    17 |    17 ||    42
         Distracted        |       |       |     2 ||     2
 Armour: Skin              |     6 |     6 |    48 ||    60
  Dodge: Dodged            |    53 |    57 |   127 ||   237

Table legend: (Time is in decaauts)
 A = Elapsed time spent in this place.
 B = Non-inter-level travel time spent in this place.
 C = Inter-level travel time spent in this place.
 D = Time resting spent in this place.
 E = Time spent auto-exploring this place.
 F = Levels seen in this place.
 G = Mean time per level.
                   A        B        C        D        E       F      G
               +--------+--------+--------+--------+--------+-----+--------+
         Total |   6795 |   6677 |    118 |     94 |   5389 |   8 |  849.4 |
       Dungeon |   6793 |   6675 |    118 |     94 |   5389 |   7 |  970.4 |
        Temple |      1 |      1 |      0 |      0 |      0 |   1 |    1.0 |
               +--------+--------+--------+--------+--------+-----+--------+

Top non-repeatable levels by time:
     D:5: 1385 daAuts
     D:1: 1078 daAuts
     D:7: 1007 daAuts
     D:6: 990 daAuts
     D:4: 912 daAuts
     D:2: 759 daAuts
     D:3: 660 daAuts
  Temple: 1 daAuts
